General information
- name: BNet
- type: Ladder team game (AT/RT)
- host: Battle.net
- saver: iggy_the_fisk
map: UpperKingdom
- players: 6
- length: 29:13
- speed: Fast
- version: 1.27 W3XP
- replay type:

» download(218 KB)
Players
team 1 (winner)
BadPlyersOfBNET (
pink | 107 APM | 3138 actions | 29:11)
5 Tauren Chieftain
3 Shockwave
2 Endurance Aura
4 Pandaren Brewmaster
2 Breath of Fire
2 Drunken Haze
» actions
| Assign group hotkey | 91 | |
| Basic commands | 46 | |
| Build / train | 80 | |
| Enter build submenu | 26 | |
| Enter hero's abilities submenu | 9 | |
| Give item / drop item | 11 | |
| Remove unit from queue | 1 | |
| Right click | 1736 | |
| Select / deselect | 536 | |
| Select group hotkey | 445 | |
| Use ability | 157 | |
3138 total
» units
» upgrades
| Liquid Fire | 1 | |
| Ranged Weapons | 3 | |
| Armor | 3 | |
| Reinforced Defenses | 1 | |
| War Drums Damage Increase | 1 | |
| Ensnare | 1 | |
10 total
» buildings
| Altar of Storms | 1 | |
| Orc Burrow | 4 | |
| War Mill | 1 | |
| Voodoo Lounge | 5 | |
| Stronghold | 4 | |
| Fortress | 2 | |
| Beastiary | 3 | |
| Great Hall | 1 | |
| Watch Tower | 8 | |
| Spirit Lodge | 1 | |
30 total
» build order
00:08 Altar of Storms
00:11 Orc Burrow
00:30 War Mill
01:10 Voodoo Lounge
02:04 Orc Burrow
03:11 Stronghold
03:11 Stronghold
05:40 Fortress
05:40 Fortress
05:45 Beastiary
05:46 Beastiary
06:10 Voodoo Lounge
06:12 Voodoo Lounge
06:14 Voodoo Lounge
06:16 Voodoo Lounge
06:23 Orc Burrow
06:25 Beastiary
06:28 Orc Burrow
21:48 Great Hall
21:51 Watch Tower
21:51 Watch Tower
21:52 Watch Tower
21:53 Watch Tower
22:58 Watch Tower
22:59 Watch Tower
23:00 Watch Tower
23:01 Watch Tower
26:11 Spirit Lodge
» items
| Healing Salve | 2 | |
| Lesser Clarity Potion | 6 | |
| Orb of Lightning | 2 | |
| Staff of Sanctuary | 2 | |
| Potion of Mana | 1 | |
13 total
DoULike2Game (
orange | 96 APM | 2812 actions | 29:11)
6 Warden
3 Shadow Strike
3 Blink
» actions
| Assign group hotkey | 7 | |
| Basic commands | 37 | |
| Build / train | 89 | |
| Enter build submenu | 27 | |
| Enter hero's abilities submenu | 6 | |
| Give item / drop item | 5 | |
| Remove unit from queue | 1 | |
| Right click | 1861 | |
| Select / deselect | 179 | |
| Select group hotkey | 367 | |
| Use ability | 233 | |
2812 total
» units
| Wisp | 48 | |
| Druid of the Talon | 5 | |
53 total
» upgrades
| Nature's Blessing | 1 | |
| Well Spring | 1 | |
| Ultravision | 1 | |
| Reinforced Hides | 3 | |
| Strength of the Wild | 3 | |
| Abolish Magic | 1 | |
| Druid of the Claw Training | 2 | |
| Hippogryph Taming | 0 | |
| Druid of the Talon Training | 2 | |
| Mark of the Talon | 1 | |
| Mark of the Claw | 1 | |
16 total
» buildings
| Altar of Elders | 1 | |
| Moon Well | 27 | |
| Tree of Ages | 1 | |
| Tree of Life | 4 | |
| Tree of Eternity | 1 | |
| Hunter's Hall | 1 | |
| Ancient of Wonders | 1 | |
| Ancient of Lore | 1 | |
| Ancient of Wind | 1 | |
38 total
» build order
00:06 Altar of Elders
00:16 Moon Well
01:52 Moon Well
04:44 Tree of Ages
06:13 Moon Well
06:14 Moon Well
06:33 Tree of Life
07:09 Tree of Eternity
08:50 Hunter's Hall
09:15 Ancient of Wonders
10:34 Tree of Life
12:15 Moon Well
12:16 Moon Well
12:18 Moon Well
18:30 Tree of Life
18:34 Tree of Life
19:32 Ancient of Lore
20:40 Ancient of Wind
22:36 Moon Well
22:37 Moon Well
22:39 Moon Well
22:41 Moon Well
22:42 Moon Well
22:43 Moon Well
22:46 Moon Well
22:47 Moon Well
22:47 Moon Well
22:49 Moon Well
22:50 Moon Well
22:51 Moon Well
22:53 Moon Well
22:54 Moon Well
22:54 Moon Well
22:55 Moon Well
22:57 Moon Well
22:58 Moon Well
22:59 Moon Well
23:00 Moon Well
» items
| Orb of Venom | 1 | |
| Healing Salve | 1 | |
| Lesser Clarity Potion | 1 | |
| Potion of Healing | 1 | |
| Potion of Mana | 1 | |
5 total
iggy_the_fisk (
teal | 128 APM | 3738 actions | 29:13)
5 Archmage
3 Blizzard
2 Brilliance Aura
4 Blood Mage
2 Flame Strike
2 Siphon Mana
3 Pit Lord
2 Rain of Fire
1 Cleaving Attack
» actions
| Assign group hotkey | 520 | |
| Basic commands | 65 | |
| Build / train | 165 | |
| Enter build submenu | 166 | |
| Enter hero's abilities submenu | 13 | |
| Give item / drop item | 2 | |
| Remove unit from queue | 2 | |
| Right click | 1287 | |
| Select / deselect | 435 | |
| Select group hotkey | 778 | |
| Use ability | 305 | |
3738 total
» units
» upgrades
| Masonry | 4 | |
| Lumber Harvesting | 2 | |
| Magic Sentry | 1 | |
| Sorceress Training | 2 | |
| Priest Training | 2 | |
11 total
» buildings
| Altar of Kings | 1 | |
| Farm | 6 | |
| Scout Tower | 196 | |
| Lumber Mill | 1 | |
| Arcane Tower | 15 | |
| Guard Tower | 85 | |
| Keep | 1 | |
| Arcane Vault | 5 | |
| Castle | 1 | |
| Arcane Sanctum | 1 | |
| Town Hall | 1 | |
| Barracks | 1 | |
| Blacksmith | 1 | |
| Gryphon Aviary | 1 | |
316 total
» build order
00:20 Altar of Kings
00:39 Farm
00:55 Farm
01:03 Scout Tower
01:07 Scout Tower
01:21 Scout Tower
01:24 Lumber Mill
01:30 Arcane Tower
01:31 Scout Tower
01:35 Scout Tower
01:36 Scout Tower
01:39 Scout Tower
01:39 Arcane Tower
01:51 Arcane Tower
01:53 Scout Tower
02:04 Scout Tower
02:10 Scout Tower
02:13 Arcane Tower
02:31 Scout Tower
02:31 Arcane Tower
02:34 Scout Tower
02:35 Guard Tower
02:37 Guard Tower
02:37 Guard Tower
02:38 Scout Tower
02:41 Scout Tower
02:43 Scout Tower
02:52 Guard Tower
03:20 Scout Tower
03:21 Guard Tower
03:21 Guard Tower
03:24 Scout Tower
03:28 Scout Tower
03:43 Guard Tower
03:45 Scout Tower
03:46 Guard Tower
03:52 Keep
03:58 Guard Tower
03:59 Scout Tower
03:59 Scout Tower
04:02 Scout Tower
04:03 Guard Tower
04:06 Scout Tower
04:06 Guard Tower
04:07 Guard Tower
04:12 Arcane Vault
04:15 Arcane Vault
04:32 Guard Tower
04:33 Scout Tower
04:35 Guard Tower
04:59 Scout Tower
05:00 Scout Tower
05:01 Guard Tower
05:02 Scout Tower
05:04 Scout Tower
05:15 Scout Tower
05:16 Guard Tower
05:19 Scout Tower
05:27 Scout Tower
05:29 Scout Tower
05:34 Guard Tower
05:42 Guard Tower
05:43 Guard Tower
05:44 Scout Tower
05:47 Arcane Tower
05:49 Scout Tower
05:52 Scout Tower
05:53 Scout Tower
05:53 Scout Tower
05:54 Guard Tower
06:03 Farm
06:04 Farm
06:11 Arcane Vault
06:13 Arcane Tower
06:28 Scout Tower
06:29 Scout Tower
06:30 Guard Tower
06:33 Scout Tower
06:34 Scout Tower
06:36 Scout Tower
06:38 Scout Tower
06:40 Scout Tower
06:42 Scout Tower
06:43 Scout Tower
06:43 Scout Tower
06:50 Scout Tower
06:51 Scout Tower
06:52 Castle
07:21 Scout Tower
07:22 Guard Tower
07:53 Arcane Sanctum
07:58 Guard Tower
07:59 Scout Tower
08:00 Scout Tower
08:02 Guard Tower
08:07 Scout Tower
08:25 Guard Tower
08:25 Guard Tower
08:29 Scout Tower
08:30 Scout Tower
08:37 Guard Tower
08:43 Guard Tower
08:54 Guard Tower
08:58 Scout Tower
08:58 Scout Tower
09:06 Guard Tower
09:27 Guard Tower
09:29 Scout Tower
09:30 Scout Tower
09:37 Guard Tower
09:54 Scout Tower
09:55 Scout Tower
09:56 Scout Tower
10:19 Guard Tower
10:20 Scout Tower
10:23 Arcane Tower
10:23 Guard Tower
10:28 Scout Tower
10:29 Scout Tower
10:34 Guard Tower
10:46 Scout Tower
10:47 Scout Tower
10:48 Guard Tower
11:01 Guard Tower
11:09 Guard Tower
11:43 Guard Tower
11:46 Scout Tower
13:16 Guard Tower
13:22 Scout Tower
13:24 Guard Tower
13:26 Scout Tower
13:27 Scout Tower
13:27 Scout Tower
13:28 Scout Tower
13:29 Scout Tower
13:29 Scout Tower
13:37 Guard Tower
13:40 Scout Tower
13:43 Arcane Tower
13:43 Guard Tower
13:49 Scout Tower
13:49 Scout Tower
13:50 Scout Tower
13:51 Scout Tower
14:05 Arcane Vault
14:28 Farm
14:37 Scout Tower
14:37 Scout Tower
14:39 Guard Tower
14:41 Scout Tower
14:43 Scout Tower
14:44 Scout Tower
14:49 Farm
15:03 Arcane Tower
15:04 Scout Tower
15:05 Scout Tower
15:07 Scout Tower
15:25 Guard Tower
15:26 Scout Tower
15:27 Scout Tower
15:31 Scout Tower
15:32 Scout Tower
15:33 Scout Tower
15:36 Arcane Tower
15:36 Guard Tower
15:51 Scout Tower
15:52 Scout Tower
15:52 Guard Tower
16:00 Guard Tower
16:04 Scout Tower
16:05 Scout Tower
16:06 Scout Tower
16:07 Scout Tower
16:08 Arcane Tower
16:09 Guard Tower
16:11 Scout Tower
16:12 Scout Tower
16:19 Guard Tower
16:37 Scout Tower
16:38 Scout Tower
16:57 Guard Tower
16:58 Scout Tower
17:02 Guard Tower
17:03 Scout Tower
17:04 Scout Tower
17:32 Guard Tower
17:33 Scout Tower
17:33 Scout Tower
17:34 Scout Tower
17:35 Scout Tower
18:13 Guard Tower
18:14 Scout Tower
18:15 Scout Tower
19:23 Guard Tower
19:24 Scout Tower
19:25 Scout Tower
19:27 Guard Tower
19:28 Scout Tower
19:29 Scout Tower
19:31 Scout Tower
19:33 Guard Tower
19:35 Scout Tower
19:37 Scout Tower
19:39 Scout Tower
20:05 Guard Tower
20:07 Scout Tower
20:08 Scout Tower
20:09 Guard Tower
20:12 Scout Tower
20:13 Scout Tower
20:46 Guard Tower
20:50 Scout Tower
20:51 Scout Tower
20:52 Scout Tower
20:53 Scout Tower
20:54 Scout Tower
20:55 Scout Tower
20:57 Scout Tower
20:58 Scout Tower
20:59 Scout Tower
21:00 Scout Tower
21:00 Scout Tower
21:02 Scout Tower
21:03 Scout Tower
21:04 Scout Tower
21:06 Scout Tower
21:08 Arcane Tower
21:08 Arcane Tower
21:15 Arcane Vault
21:17 Scout Tower
21:18 Scout Tower
21:19 Guard Tower
21:20 Scout Tower
21:21 Scout Tower
21:36 Guard Tower
21:39 Scout Tower
21:40 Scout Tower
21:56 Scout Tower
21:58 Scout Tower
22:24 Guard Tower
22:25 Scout Tower
22:26 Scout Tower
22:31 Town Hall
22:33 Scout Tower
22:34 Scout Tower
22:35 Scout Tower
22:35 Scout Tower
22:36 Scout Tower
22:36 Scout Tower
22:37 Scout Tower
22:37 Scout Tower
22:37 Scout Tower
22:38 Scout Tower
23:02 Arcane Tower
23:07 Scout Tower
23:09 Scout Tower
23:12 Scout Tower
23:13 Scout Tower
23:14 Scout Tower
23:16 Scout Tower
23:21 Guard Tower
23:26 Guard Tower
23:30 Scout Tower
23:31 Scout Tower
23:32 Scout Tower
23:33 Scout Tower
23:36 Guard Tower
23:37 Scout Tower
23:45 Scout Tower
23:46 Scout Tower
23:48 Scout Tower
23:49 Scout Tower
23:50 Scout Tower
23:52 Scout Tower
23:53 Scout Tower
24:05 Guard Tower
24:27 Guard Tower
24:28 Guard Tower
24:34 Guard Tower
24:34 Guard Tower
24:34 Guard Tower
24:39 Scout Tower
24:39 Scout Tower
24:40 Scout Tower
24:41 Scout Tower
24:49 Guard Tower
25:05 Scout Tower
25:05 Scout Tower
25:06 Scout Tower
25:07 Scout Tower
25:13 Guard Tower
25:16 Guard Tower
25:22 Guard Tower
25:42 Scout Tower
25:44 Scout Tower
25:53 Guard Tower
25:57 Scout Tower
25:58 Scout Tower
26:13 Barracks
26:15 Blacksmith
26:21 Gryphon Aviary
26:46 Guard Tower
26:49 Guard Tower
26:51 Scout Tower
26:55 Guard Tower
26:59 Guard Tower
27:00 Scout Tower
27:01 Scout Tower
27:07 Guard Tower
27:18 Scout Tower
27:19 Scout Tower
27:20 Scout Tower
27:20 Scout Tower
27:57 Guard Tower
27:57 Guard Tower
» items
| Healing Salve | 1 | |
| Scroll of Regeneration | 1 | |
| Orb of Lightning | 3 | |
| Staff of Sanctuary | 3 | |
8 total
team 2 (loser)
Evgen_S (
purple | 76 APM | 2226 actions | 29:11)
2 Archmage
1 Summon Water Elemental
1 Brilliance Aura
1 Blood Mage
1 Siphon Mana
» actions
| Assign group hotkey | 8 | |
| Basic commands | 1 | |
| Build / train | 87 | |
| Enter build submenu | 40 | |
| Enter hero's abilities submenu | 3 | |
| Give item / drop item | 1 | |
| Remove unit from queue | 1 | |
| Right click | 1479 | |
| Select / deselect | 472 | |
| Select group hotkey | 32 | |
| Use ability | 102 | |
2226 total
» units
| Peasant | 16 | |
| Footman | 8 | |
| Priest | 3 | |
| Sorceress | 6 | |
| Mortar Team | 7 | |
| Siege Engine | 9 | |
49 total
» upgrades
| Lumber Harvesting | 2 | |
| Masonry | 2 | |
| Gunpowder | 3 | |
| Plating | 3 | |
| Sorceress Training | 1 | |
| Barrage | 1 | |
12 total
» buildings
| Altar of Kings | 1 | |
| Barracks | 1 | |
| Farm | 15 | |
| Arcane Vault | 1 | |
| Scout Tower | 6 | |
| Arcane Tower | 2 | |
| Keep | 1 | |
| Lumber Mill | 1 | |
| Blacksmith | 1 | |
| Arcane Sanctum | 2 | |
| Town Hall | 1 | |
| Workshop | 3 | |
| Castle | 1 | |
| Guard Tower | 3 | |
39 total
» build order
00:16 Altar of Kings
00:22 Barracks
00:26 Farm
01:11 Farm
01:28 Arcane Vault
01:48 Scout Tower
02:12 Farm
02:34 Arcane Tower
03:49 Keep
04:04 Farm
04:09 Lumber Mill
04:13 Blacksmith
06:32 Arcane Sanctum
06:42 Arcane Sanctum
06:48 Farm
08:39 Town Hall
09:46 Farm
10:01 Farm
13:17 Workshop
13:24 Workshop
13:37 Farm
13:56 Workshop
14:06 Scout Tower
14:09 Scout Tower
14:46 Castle
15:33 Guard Tower
15:35 Scout Tower
15:39 Scout Tower
16:28 Farm
16:31 Farm
16:32 Farm
16:32 Farm
16:39 Arcane Tower
16:40 Guard Tower
16:45 Scout Tower
17:28 Guard Tower
18:25 Farm
20:56 Farm
20:59 Farm
» items
| Scroll of Regeneration | 2 | |
| Lesser Clarity Potion | 2 | |
| Potion of Mana | 1 | |
| Potion of Healing | 4 | |
| Scroll of Town Portal | 2 | |
| Staff of Sanctuary | 2 | |
13 total
Mentally.kill (
yellow | 68 APM | 1978 actions | 29:00)
4 Tauren Chieftain
2 War Stomp
2 Endurance Aura
1 Shadow Hunter
1 Healing Wave
» actions
| Assign group hotkey | 23 | |
| Basic commands | 2 | |
| Build / train | 79 | |
| ESC pressed | 2 | |
| Enter build submenu | 21 | |
| Enter hero's abilities submenu | 5 | |
| Remove unit from queue | 6 | |
| Right click | 1096 | |
| Select / deselect | 361 | |
| Select group hotkey | 333 | |
| Use ability | 50 | |
1978 total
» units
| Peon | 13 | |
| Grunt | 16 | |
| Troll Headhunter/Berserker | 3 | |
| Wind Rider | 6 | |
| Troll Batrider | 16 | |
54 total
» upgrades
| Berserker Strength | 1 | |
| Armor | 2 | |
| Liquid Fire | 1 | |
| Melee Weapons | 1 | |
5 total
» buildings
| Altar of Storms | 1 | |
| Orc Burrow | 5 | |
| Barracks | 1 | |
| Voodoo Lounge | 1 | |
| Stronghold | 1 | |
| War Mill | 1 | |
| Beastiary | 1 | |
| Great Hall | 1 | |
| Fortress | 1 | |
| Watch Tower | 5 | |
| Tauren Totem | 1 | |
19 total
» build order
00:09 Altar of Storms
00:13 Orc Burrow
00:48 Barracks
01:32 Orc Burrow
04:38 Voodoo Lounge
05:36 Orc Burrow
07:54 Stronghold
09:01 War Mill
10:17 Beastiary
13:50 Great Hall
14:00 Orc Burrow
14:16 Fortress
16:33 Orc Burrow
18:37 Watch Tower
18:43 Watch Tower
18:44 Watch Tower
18:44 Watch Tower
18:45 Watch Tower
26:55 Tauren Totem
» items
| Healing Salve | 2 | |
| Scroll of Town Portal | 2 | |
| Scroll of Regeneration | 1 | |
5 total
nsManson (
red | 35 APM | 1029 actions | 29:04)
3 Dark Ranger
1 Black Arrow
2 Silence
1 Dreadlord
1 Vampiric Aura
» actions
| Assign group hotkey | 14 | |
| Build / train | 64 | |
| Enter build submenu | 27 | |
| Enter hero's abilities submenu | 5 | |
| Remove unit from queue | 1 | |
| Right click | 497 | |
| Select / deselect | 296 | |
| Select group hotkey | 90 | |
| Use ability | 35 | |
1029 total
» units
| Acolyte | 10 | |
| Ghoul | 18 | |
| Frost Wyrm | 6 | |
34 total
» upgrades
| Cannibalize | 1 | |
| Unholy Strength | 1 | |
| Unholy Armor | 1 | |
| Creature Attack | 3 | |
| Creature Carapace | 3 | |
| Freezing Breath | 1 | |
10 total
» buildings
| Crypt | 2 | |
| Ziggurat | 8 | |
| Tomb of Relics | 1 | |
| Altar of Darkness | 1 | |
| Halls of the Dead | 1 | |
| Graveyard | 1 | |
| Black Citadel | 1 | |
| Sacrificial Pit | 1 | |
| Nerubian Tower | 3 | |
| Spirit Tower | 2 | |
| Boneyard | 5 | |
| Necropolis | 1 | |
27 total
» build order
00:25 Crypt
00:29 Crypt
00:42 Ziggurat
00:58 Tomb of Relics
01:25 Altar of Darkness
02:23 Ziggurat
04:41 Ziggurat
04:45 Ziggurat
04:57 Halls of the Dead
06:35 Graveyard
13:33 Black Citadel
13:46 Sacrificial Pit
13:49 Nerubian Tower
13:52 Spirit Tower
16:04 Boneyard
16:09 Boneyard
16:14 Boneyard
16:26 Boneyard
17:04 Boneyard
22:32 Necropolis
24:51 Ziggurat
24:53 Ziggurat
24:56 Ziggurat
26:33 Nerubian Tower
26:36 Spirit Tower
26:40 Nerubian Tower
26:41 Nerubian Tower
27:03 Ziggurat
» items
| Rod of Necromancy | 1 | |
| Dust of Appearance | 1 | |
| Potion of Healing | 1 | |
| Potion of Mana | 1 | |
| Scroll of Town Portal | 2 | |
6 total
Chat log
(00:01 / All) Evgen_S: ok np
(00:04 / All) iggy_the_fisk: GL!
(26:19 / All) DoULike2Game: how u guys doin
(26:23 / All) DoULike2Game: do u like 2 game
(27:35 / All) DoULike2Game: fyuck
(27:36 / All) DoULike2Game: fuck
(27:37 / All) DoULike2Game: Fuck
(27:39 / All) DoULike2Game: fuck
(27:40 / All) DoULike2Game: hold on
(27:45 / All) DoULike2Game: i dropped my pizza
(27:51 / All) DoULike2Game: wait please